 Dungeon Crawl Stone Soup version 0.26-a0-612-gd4d190f45e (webtiles) character file.

Game seed: 2956524144071207371

18 DogServant the Vexing (level 2, 16/16 HPs)
             Began as a Kobold Arcane Marksman on Sept 10, 2020.
             Quit the game on level 1 of the Dungeon.
             The game lasted 00:05:20 (1299 turns).

DogServant the Vexing (Kobold Arcane Marksman)      Turns: 1299, Time: 00:05:20

Health: 16/16      AC:  2    Str:  7    XL:     2   Next: 90%
Magic:  4/4        EV: 15    Int: 14    God:
Gold:   25         SH:  0    Dex: 15    Spells: 0/3 levels left

rFire    . . .     SeeInvis .   a - +0 hand crossbow
rCold    . . .     Faith    .   (shield restricted)
rNeg     . . .     Spirit   .   e - +0 robe
rPois    .         Reflect  .   (no helmet)
rElec    .         Harm     .   (no cloak)
rCorr    .                      (no gloves)
MR       .....                  (no boots)
Stlth    ++........             (no amulet)
HPRegen  0.05/turn              (no ring)
MPRegen  0.09/turn              (no ring)

@: no status effects
A: small, nightstalker 3
a: no special abilities


You were on level 1 of the Dungeon.
You visited 1 branch of the dungeon, and saw 1 of its levels.

You collected 25 gold pieces.

Inventory:

Hand Weapons
 a - a +0 hand crossbow (weapon)
Missiles
 d - 14 bolts (quivered)
Armour
 e - a +0 robe (worn)
Scrolls
 b - a scroll of blinking {unknown}
 c - 2 scrolls of enchant armour {unknown}
Potions
 f - a potion of lignification {unknown}


   Skills:
 - Level 1.1 Fighting
 + Level 3.0 Crossbows
 + Level 2.6 Dodging
 + Level 1.3 Spellcasting
 + Level 3.3 Hexes


You couldn't memorise any spells.
You knew the following spells:

 Your Spells              Type           Power        Failure   Level
a - Corona                Hex            ##.....      6%          1
b - Slow                  Hex            ##......     10%         2

Your spell library contained the following spells:

 Spells                   Type           Power        Failure   Level
 Inner Flame              Hex/Fire       #.......     36%         3
 Portal Projectile        Hex/Tloc       #.....       36%         3
 Cause Fear               Hex            ##........   54%         4
 Leda's Liquefaction      Hex/Erth       #.........   77%         4


Dungeon Overview and Level Annotations

Branches:
Dungeon (1/15)

Altars:


Innate Abilities, Weirdness & Mutations

You are small and have problems with some larger weapons.
You are completely attuned to the shadows.


Message History

d - 14 bolts (gained 1)
Found a hand axe.
Quiver which item? (- for none, * to show all) (? for menu, Esc to quit)
You don't have any such object.
Quiver which item? (- for none, * to show all) (? for menu, Esc to quit)
Okay, then.
Unknown command.
Quiver which item? (- for none, * to show all) (? for menu, Esc to quit)
You don't have any such object.
Quiver which item? (- for none, * to show all) (? for menu, Esc to quit)
That's the wrong kind of item! (Use * to select it.) Quiver which item? (- for none, * to show all) (? for menu, Esc to quit)
You don't have any such object.
Quiver which item? (- for none, * to show all) (? for menu, Esc to quit)
You don't have any such object.
Quiver which item? (- for none, * to show all) (? for menu, Esc to quit)
Okay, then.
Quiver which item? (- for none, * to show all) (? for menu, Esc to quit)
Okay, then.
Are you sure you want to abandon this character and quit the game? (Confirm with "yes".)

#...... #.###.#
##### ######.##...
#...####......##..#
#.#........##.##...
#...####.#.##......
##.## #.#........#
#.# #.####.###.#
#@# ##......# #..
#.# #.......# #..
#.# #.......# #..
#.# #.......# #..
.). #.......# ##.
#.......# #.
#.......####.
#............
#############


There were no monsters in sight!

Vanquished Creatures
  A leopard gecko (D:1)
  7 bats (D:1)
  3 goblins (D:1)
  A hobgoblin (D:1)
  A kobold (D:1)
  3 frilled lizards (D:1)
  3 rats (D:1)
19 creatures vanquished.

Notes
Turn   | Place    | Note
-------+----------+-------------------------------------------
     0 | D:1      | DogServant the Kobold Arcane Marksman began the quest for
                  | the Orb.
     0 | D:1      | Reached XP level 1. HP: 12/12 MP: 2/2
   200 | D:1      | Reached XP level 2. HP: 16/16 MP: 3/3
   204 | D:1      | Learned a level 2 spell: Slow
  1299 | D:1      | Quit the game

Illustrated notes

Levels and vault maps discovered:
D:1:      onia_arrival_mini_spirals, layout_loops_cross

Skill      XL: |  1  2 |
---------------+-------+-----
Crossbows      | 3 |  3.0
Fighting       | |  1.1
Dodging        | |  2.6
Spellcasting   | |  1.3
Hexes          | |  3.3

Action                   || total
-------------------------++-------
Melee: Hand crossbow     ||    22
 Fire: Hand crossbow     ||    32
Armor: Robe              ||    10
Dodge: Dodged            ||    44

Table legend: (Time is in decaauts)
 A = Elapsed time spent in this place.
 B = Non-inter-level travel time spent in this place.
 C = Inter-level travel time spent in this place.
 D = Time resting spent in this place.
 E = Time spent auto-exploring this place.
 F = Levels seen in this place.
 G = Mean time per level.
                   A        B        C        D        E       F      G
               +--------+--------+--------+--------+--------+-----+--------+
         Total |   1321 |   1321 |      0 |    379 |    777 |   1 | 1321.0 |
       Dungeon |   1321 |   1321 |      0 |    379 |    777 |   1 | 1321.0 |
               +--------+--------+--------+--------+--------+-----+--------+

Top non-repeatable levels by time:
     D:1: 1321 daAuts
